 Dungeon Crawl Stone Soup version 0.30-a0-4-ga7cffc901d (webtiles) character file.

Game seed: 832773143021312267

44 Setbun the Sneak (level 3, -1/20 HPs)
             Began as a Kobold Enchanter on Aug 20, 2022.
             Slain by an adder (3 damage)
             ... on level 1 of the Dungeon.
             The game lasted 00:00:42 (1170 turns).

Setbun the Sneak (Kobold Enchanter)                 Turns: 1170, Time: 00:00:42

Health: -1/20      AC:  2    Str:  5    XL:     3   Next: 87%
Magic:  1/6        EV: 15    Int: 16    God:
Gold:   28         SH:  0    Dex: 17    Spells: 4/6 levels left

rFire   . . .      SeeInvis .    a - +1 dagger
rCold   . . .      Faith    .    (no shield)
rNeg    . . .      Spirit   .    b - +0 robe
rPois   .          Reflect  .    (no helmet)
rElec   .          Harm     .    (no cloak)
rCorr   .          Rampage  .    (no gloves)
Will    .....                    (no boots)
Stlth   ++++......               (no amulet)
HPRegen 0.06/turn                (no ring)
MPRegen 0.10/turn                (no ring)

@: no status effects
A: small, no large weapons, nightstalker 3
a: no special abilities


You were on level 1 of the Dungeon.
You visited 1 branch of the dungeon, and saw 2 of its levels.

You collected 28 gold pieces.

Inventory:

Hand Weapons
 a - a +1 dagger (weapon)
Armour
 b - a +0 robe (worn)
Scrolls
 e - a scroll of identify {unknown}
Potions
 c - 2 potions of invisibility
 d - a potion of magic {unknown}
 f - a potion of might {unknown}
 g - a potion of heal wounds {unknown}


   Skills:
 + Level 1.0 Fighting
 * Level 2.9 Short Blades
 + Level 2.8 Dodging
 + Level 4.2 Stealth
 + Level 2.4 Spellcasting
 + Level 3.2 Hexes


You had 4 spell levels left.
You knew the following spells:

 Your Spells              Type           Power      Damage    Failure   Level
a - Ensorcelled Hibernat  Hex/Ice        14%        N/A       16%         2

Your spell library contained the following spells:

 Spells                   Type           Power      Damage    Failure   Level
 Confusing Touch          Hex            12%        N/A       16%         3
 Tukima's Dance           Hex            12%        N/A       16%         3
 Dazzling Flash           Conj/Hex       14%        N/A       30%         3


Dungeon Overview and Level Annotations

Branches:
Dungeon (2/15)

Altars:


Innate Abilities, Weirdness & Mutations

You are small and have problems with some larger weapons.
You are completely attuned to the shadows.


Message History

Aiming: Ensorcelled Hibernation (safe; 16% risk of failure)
Press: ? - help, Shift-Dir - straight line, f/p - adder
Aim: an adder (chance to affect: 50%)
The adder resists with some effort.
You feel sick. The adder barely misses you.
The giant cockroach bites you but does no damage.
The adder closely misses you.
Casting: Ensorcelled Hibernation (safe; 16% risk of failure)
Confirm with . or Enter, or press ? or * to list all spells.
You don't have enough magic to cast this spell.
Unknown command.
You feel sick. The adder attacks as you move away! The adder misses you.
You feel sick.
There is a stone staircase leading up here.
You can't go down here!
You feel sick.
You are no longer poisoned.
The adder closely misses you.
The giant cockroach waves its antennae.
The giant cockroach bites you. The adder bites you.
* * * LOW HITPOINT WARNING * * *
You climb upwards.
There is a stone staircase leading down here.
You completely miss the adder. The giant cockroach bites you.
* * * LOW HITPOINT WARNING * * *
The adder completely misses you.
Your magical contamination has completely faded away.
You closely miss the adder.
The giant cockroach bites you but does no damage.
The adder bites you.
* * * LOW HITPOINT WARNING * * *
The giant cockroach closely misses you.
You closely miss the adder. The adder misses you.
The giant cockroach bites you.
* * * LOW HITPOINT WARNING * * *
You barely miss the adder. The adder closely misses you.
You miss the adder.
The giant cockroach bites you but does no damage.
The adder bites you but does no damage. The giant cockroach barely misses you.
You barely miss the adder. The adder bites you.
You die...

#.................# #.
#.................# #.
#.................#######.
#.........................
#............####.########
#######...#######.#
#...........#
##############..SB.......#
................@........#
##############...#######.# #
#......#.#######.### #
#.####.#.##........# ####
#.# #.#.##........# ...# #.#
#.#.##........#
...######.####.#.##........#
...##.............(........#
...'.#########........##.###


You could see an adder and a giant cockroach.

Vanquished Creatures
  An adder (D:2)
  2 dart slugs (D:1)
  A bat (D:1)
  2 endoplasms
  2 giant cockroaches (D:1)
  3 hobgoblins (D:1)
  8 jackals (D:1)
  A quokka (D:1)
  3 ball pythons (D:1)
  2 frilled lizards (D:1)
  3 rats (D:1)
28 creatures vanquished.

Notes
Turn   | Place    | Note
-------+----------+-------------------------------------------
     0 | D:1      | Setbun the Kobold Enchanter began the quest for the Orb.
     0 | D:1      | Reached XP level 1. HP: 10/10 MP: 3/3
   403 | D:1      | Reached XP level 2. HP: 16/16 MP: 5/5
   418 | D:1      | Learned a level 2 spell: Ensorcelled Hibernation
   683 | D:1      | Reached XP level 3. HP: 20/20 MP: 6/6
  1153 | D:2      | Reached skill level 1 in Fighting
  1167 | D:1      | HP: 1/20 [giant cockroach (2)]
  1170 | D:1      | Slain by an adder

Illustrated notes

Levels and vault maps discovered:
D:1:      roderic_crossed_star, layout_basic
D:2:      layout_rooms

Skill      XL: |  1  2  3 |
---------------+----------+-----
Short Blades   | 2 |  2.9
Fighting       | 1 |  1.0
Dodging        | |  2.8
Stealth        | |  4.2
Spellcasting   | |  2.4
Hexes          | |  3.2

Action                   || total
-------------------------++-------
Melee: Dagger            ||    77
 Cast: Ensorcelled Hiber ||     2
 Stab: Sleeping          ||    20
Armor: Robe              ||    20
Dodge: Dodged            ||    59

Table legend: (Time is in decaauts)
 A = Elapsed time spent in this place.
 B = Non-inter-level travel time spent in this place.
 C = Inter-level travel time spent in this place.
 D = Time resting spent in this place.
 E = Time spent auto-exploring this place.
 F = Levels seen in this place.
 G = Mean time per level.
                   A        B        C        D        E       F      G
               +--------+--------+--------+--------+--------+-----+--------+
         Total |   1162 |   1140 |     22 |      0 |    975 |   2 |  581.0 |
       Dungeon |   1162 |   1140 |     22 |      0 |    975 |   2 |  581.0 |
               +--------+--------+--------+--------+--------+-----+--------+

Top non-repeatable levels by time:
     D:1: 1150 daAuts
     D:2: 12 daAuts
